SBL
HAWTHORN HAWKS @ RICHMOND TIGERS
05/10/2022
 
TOP OF THE 1ST
Hawthorn Hawks batting - Pitching for Richmond Tigers : RHP Col Hurren
Pitching: RHP Col Hurren
Batting: LHB Fred Pascoe 0-0: Ball
1-0: Ball
2-0: Called Strike
2-1: Called Strike
2-2: DOUBLE (Line Drive, 9LM, EV 94.4 MPH)
Batting: LHB Chris Cunningham 0-0: Called Strike
0-1: Called Strike
Fred Pascoe steals 3rd base (no throw)
0-2: Foul Ball, location: 3F
0-2: Ball
1-2: Reached via error on a dropped throw from SS, E3 (Groundball, 6, EV 80.0 MPH)
Fred Pascoe scores
Batting: LHB Chandler Cheney 0-0: Called Strike
0-1: Ball
1-1: Ball
2-1: Grounds into double play, 1-4-3 (Groundball, 15S, EV 70.6 MPH)
Batting: RHB Trevor Oakley 0-0: Called Strike
0-1: Ball
1-1: Ball
2-1: Ball
3-1: Foul Ball, location: 25FF
3-2: Fly out, F8 (Flyball, 8LD, EV 80.6 MPH)
Top of the 1st over - 1 run, 1 hit, 1 error, 0 left on base; Hawthorn 1 - Richmond 0
BOTTOM OF THE 1ST
Richmond Tigers batting - Pitching for Hawthorn Hawks : RHP Jose Gomez
Pitching: RHP Jose Gomez
Batting: RHB Tristen Deas 0-0: Swinging Strike
0-1: Fly out, F7 (Flyball, 7LM, EV 103.1 MPH)
Batting: SHB Maverick Doig 0-0: Ball
1-0: Foul Ball, location: 2F
1-1: Swinging Strike
1-2: Ball
2-2: Foul Ball, location: 25F
2-2: Foul Ball, location: 5F
2-2: Ball
3-2: Ground out 4-3 (Groundball, 4, EV 83.8 MPH)
Batting: SHB Stefan McCleary 0-0: Ball
1-0: Foul Ball, location: 7LSF
1-1: Foul Ball, location: 2RF
1-2: SINGLE (Groundball, 6MD, EV 102.5 MPH)
Batting: RHB Paul Funnell 0-0: Foul Ball, location: 5F
0-1: Foul Ball, location: 2RF
0-2: Ball
1-2: Ball
2-2: Fly out, F9 (Flyball, 9, EV 90.0 MPH)
Bottom of the 1st over - 0 runs, 1 hit, 0 errors, 1 left on base; Hawthorn 1 - Richmond 0
TOP OF THE 2ND
Hawthorn Hawks batting - Pitching for Richmond Tigers : RHP Col Hurren
Batting: LHB David Hayter 0-0: Ball
1-0: Swinging Strike
1-1: Foul Ball, location: 25F
1-2: Foul Ball, location: 2F
1-2: Fly out, F7 (Flyball, 78M, EV 91.3 MPH)
Batting: RHB Jordan Gordon 0-0: Ball
1-0: Called Strike
1-1: Foul Ball, location: 9LSF
1-2: Foul Ball, location: 3FF
1-2: Ball
2-2: Ball
3-2: SINGLE (Groundball, P, EV 95.0 MPH) (infield hit)
Batting: LHB Nicky McNally 0-0: Called Strike
Jordan Gordon is caught stealing 2nd base 2-6
0-1: Ball
1-1: Fly out, F7 (Flyball, 7, EV 98.8 MPH)
Top of the 2nd over - 0 runs, 1 hit, 0 errors, 0 left on base; Hawthorn 1 - Richmond 0
BOTTOM OF THE 2ND
Richmond Tigers batting - Pitching for Hawthorn Hawks : RHP Jose Gomez
Batting: LHB Frank Hicken 0-0: Ball
1-0: Ball
2-0: Ball
3-0: Called Strike
3-1: Called Strike
3-2: Ground out 1-3 (Groundball, 13S, EV 78.1 MPH)
Batting: RHB Micah Plumtree 0-0: Called Strike
0-1: Ground out 4-3 (Groundball, 4, EV 91.9 MPH)
Batting: LHB Andy Weisner 0-0: Fly out, F8 (Line Drive, 78M, EV 105.0 MPH)
Bottom of the 2nd over - 0 runs, 0 hits, 0 errors, 0 left on base; Hawthorn 1 - Richmond 0
TOP OF THE 3RD
Hawthorn Hawks batting - Pitching for Richmond Tigers : RHP Col Hurren
Batting: RHB Ed Glynn 0-0: Called Strike
0-1: Foul Ball, location: 5F
0-2: SINGLE (Line Drive, 8LS, EV 86.9 MPH)
Batting: RHB Pat Ayshford 0-0: Sac Bunt to 2R - play at first, batter OUT! 2-3
Ed Glynn to second
Batting: LHB Fred Pascoe 0-0: Ball
1-0: Ball
2-0: Called Strike
2-1: Foul Ball, location: 7LSF
2-2: Ball
3-2: Foul Ball, location: 2F
3-2: Base on Balls
Batting: LHB Chris Cunningham 0-0: Called Strike
0-1: Ball
1-1: Called Strike
1-2: Ball
2-2: Ball
3-2: Grounds into double play, 6-4-3 (Groundball, 6S, EV 91.9 MPH)
Top of the 3rd over - 0 runs, 1 hit, 0 errors, 1 left on base; Hawthorn 1 - Richmond 0
BOTTOM OF THE 3RD
Richmond Tigers batting - Pitching for Hawthorn Hawks : RHP Jose Gomez
Batting: RHB Matt Huntley 0-0: Called Strike
0-1: Foul Ball, location: 2F
0-2: Ball
1-2: Ball
2-2: Strikes out looking
Batting: RHB Arnie Studs 0-0: Called Strike
0-1: Ground out 6-3 (Groundball, 56, EV 96.9 MPH)
Batting: RHB Tristen Deas 0-0: Swinging Strike
0-1: Foul Ball, location: 9LSF
0-2: Foul Ball, location: 25F
0-2: SINGLE (Line Drive, 4D, EV 95.0 MPH)
Batting: SHB Maverick Doig 0-0: Called Strike
0-1: Fly out, F5 (Popup, 5SF, EV 70.0 MPH)
Bottom of the 3rd over - 0 runs, 1 hit, 0 errors, 1 left on base; Hawthorn 1 - Richmond 0
TOP OF THE 4TH
Hawthorn Hawks batting - Pitching for Richmond Tigers : RHP Col Hurren
Batting: LHB Chandler Cheney 0-0: Fly out, F8 (Flyball, 8LD, EV 90.0 MPH)
Batting: RHB Trevor Oakley 0-0: Ball
1-0: Foul Ball, location: 9LMF
1-1: Called Strike
1-2: Ball
2-2: SINGLE (Groundball, 4S, EV 75.0 MPH) (infield hit)
Batting: LHB David Hayter 0-0: Foul Ball, location: 7LMF
0-1: Ball
1-1: Ball
2-1: Foul Ball, location: 2F
2-2: Foul Ball, location: 25F
2-2: DOUBLE (Groundball, 5L, EV 105.6 MPH)
Trevor Oakley to third
Runner from 3rd tries for Home, SAFE, throw by LF to trailing runner, SAFE at third!
Batting: RHB Jordan Gordon 0-0: Called Strike
0-1: SINGLE (Line Drive, 78M, EV 98.8 MPH)
David Hayter scores
Batting: LHB Nicky McNally 0-0: Ball
1-0: Ball
2-0: SINGLE (Groundball, 34D, EV 106.3 MPH)
Jordan Gordon to second
Runner from 2nd tries for 3rd, SAFE, throw by RF made to third
Batting: RHB Ed Glynn 0-0: Foul Ball, location: 2F
0-1: Ball
1-1: Called Strike
1-2: Strikes out swinging
Batting: RHB Pat Ayshford 0-0: Foul Ball, location: 2F
0-1: Ball
1-1: Fly out, F8 (Flyball, 8RXD, EV 93.8 MPH)
Top of the 4th over - 2 runs, 4 hits, 0 errors, 2 left on base; Hawthorn 3 - Richmond 0
BOTTOM OF THE 4TH
Richmond Tigers batting - Pitching for Hawthorn Hawks : RHP Jose Gomez
Batting: SHB Stefan McCleary 0-0: Ball
1-0: Ball
2-0: Ball
3-0: Called Strike
3-1: Foul Ball, location: 2F
3-2: SINGLE (Flyball, 5D, EV 91.9 MPH)
Batting: RHB Paul Funnell 0-0: Ball
1-0: Grounds into double play, 6-4-3 (Groundball, 6, EV 100.6 MPH)
Batting: LHB Frank Hicken 0-0: Called Strike
0-1: Foul Ball, location: 5SF
0-2: Ball
1-2: Foul Ball, location: 2F
1-2: Ball
2-2: Fly out, F7 (Line Drive, 78M, EV 100.0 MPH)
Bottom of the 4th over - 0 runs, 1 hit, 0 errors, 0 left on base; Hawthorn 3 - Richmond 0
TOP OF THE 5TH
Hawthorn Hawks batting - Pitching for Richmond Tigers : RHP Col Hurren
Batting: LHB Fred Pascoe 0-0: Ball
1-0: Fly out, F8 (Flyball, 8LD, EV 90.6 MPH)
Batting: LHB Chris Cunningham 0-0: Ball
1-0: Swinging Strike
1-1: Swinging Strike
1-2: Strikes out swinging
Batting: LHB Chandler Cheney 0-0: Ball
1-0: Called Strike
1-1: Foul Ball, location: 5F
1-2: Ball
2-2: Ball
3-2: SINGLE (Groundball, 34D, EV 100.0 MPH)
Batting: RHB Trevor Oakley 0-0: Foul Ball, location: 25F
0-1: Ball
1-1: Ball
2-1: Fly out, F3 (Line Drive, 3, EV 67.5 MPH)
Top of the 5th over - 0 runs, 1 hit, 0 errors, 1 left on base; Hawthorn 3 - Richmond 0
BOTTOM OF THE 5TH
Richmond Tigers batting - Pitching for Hawthorn Hawks : RHP Jose Gomez
Batting: RHB Micah Plumtree 0-0: Swinging Strike
0-1: Swinging Strike
0-2: Strikes out swinging
Batting: LHB Andy Weisner 0-0: Ball
1-0: Ball
2-0: Ball
3-0: Base on Balls
Batting: RHB Matt Huntley 0-0: Ball
1-0: Called Strike
Andy Weisner is caught stealing 2nd base 2-4
1-1: Foul Ball, location: 2F
1-2: Ball
2-2: Strikes out swinging
Bottom of the 5th over - 0 runs, 0 hits, 0 errors, 0 left on base; Hawthorn 3 - Richmond 0
TOP OF THE 6TH
Hawthorn Hawks batting - Pitching for Richmond Tigers : RHP Col Hurren
Batting: LHB David Hayter 0-0: Called Strike
0-1: Ground out 4-3 (Groundball, 4, EV 101.3 MPH)
Batting: RHB Jordan Gordon 0-0: Ground out 5-3 (Groundball, 56S, EV 79.4 MPH)
Batting: LHB Nicky McNally 0-0: Called Strike
0-1: SINGLE (Groundball, P, EV 88.1 MPH) (infield hit)
Batting: RHB Ed Glynn 0-0: Called Strike
Pickoff Throw to First - Out! 1-3
Top of the 6th over - 0 runs, 1 hit, 0 errors, 0 left on base; Hawthorn 3 - Richmond 0
BOTTOM OF THE 6TH
Richmond Tigers batting - Pitching for Hawthorn Hawks : RHP Jose Gomez
Batting: RHB Arnie Studs 0-0: Ball
1-0: Ball
2-0: Called Strike
2-1: Ball
3-1: Ground out U3 (Groundball, 3, EV 86.3 MPH)
Batting: RHB Tristen Deas 0-0: Called Strike
0-1: Ball
1-1: Ground out 5-3 (Groundball, 56S, EV 62.5 MPH)
Batting: SHB Maverick Doig 0-0: Ball
1-0: Foul Ball, location: 2F
1-1: Ball
2-1: Foul Ball, location: 7LMF
2-2: Strikes out looking
Bottom of the 6th over - 0 runs, 0 hits, 0 errors, 0 left on base; Hawthorn 3 - Richmond 0
TOP OF THE 7TH
Hawthorn Hawks batting - Pitching for Richmond Tigers : RHP Col Hurren
Batting: RHB Ed Glynn 0-0: Ball
1-0: Foul Ball, location: 9LSF
1-1: SINGLE (Line Drive, 9LS, EV 87.5 MPH)
Batting: RHB Pat Ayshford 0-0: Foul Ball, location: 5SF
0-1: Ball
1-1: Ball
2-1: DOUBLE (Groundball, 5L, EV 106.9 MPH)
Ed Glynn to third
Pitching: RHP Storm Kinsey
Batting: LHB Fred Pascoe 0-0: Foul Ball, location: 3F
0-1: Ball
1-1: Fly out, F7 (Flyball, 7LS, EV 87.5 MPH)
Batting: LHB Chris Cunningham 0-0: Ball
1-0: Ball
2-0: Foul Ball, location: 2F
2-1: Called Strike
2-2: Ball
3-2: Strikes out swinging
Batting: LHB Chandler Cheney 0-0: Called Strike
0-1: Called Strike
0-2: Ball
1-2: Strikes out looking
Top of the 7th over - 0 runs, 2 hits, 0 errors, 2 left on base; Hawthorn 3 - Richmond 0
BOTTOM OF THE 7TH
Richmond Tigers batting - Pitching for Hawthorn Hawks : RHP Jose Gomez
Batting: SHB Stefan McCleary 0-0: Ball
1-0: Ball
2-0: Called Strike
2-1: Foul Ball, location: 2F
2-2: Foul Ball, location: 7LDF
2-2: Ground out 4-3 (Groundball, 34D, EV 104.4 MPH)
Batting: RHB Paul Funnell 0-0: Ball
1-0: Ground out 1-3 (Groundball, 13S, EV 63.1 MPH)
Batting: LHB Frank Hicken 0-0: Ground out 4-3 (Groundball, 4, EV 87.5 MPH)
Bottom of the 7th over - 0 runs, 0 hits, 0 errors, 0 left on base; Hawthorn 3 - Richmond 0
TOP OF THE 8TH
Hawthorn Hawks batting - Pitching for Richmond Tigers : RHP Storm Kinsey
Batting: RHB Trevor Oakley 0-0: Called Strike
0-1: Ball
1-1: Called Strike
1-2: Strikes out swinging
Batting: LHB David Hayter 0-0: Ball
1-0: Called Strike
1-1: Ground out U3 (Groundball, 3, EV 85.6 MPH)
Batting: RHB Jordan Gordon 0-0: Ball
1-0: Ball
2-0: Foul Ball, location: 2F
2-1: Swinging Strike
2-2: Strikes out swinging
Top of the 8th over - 0 runs, 0 hits, 0 errors, 0 left on base; Hawthorn 3 - Richmond 0
BOTTOM OF THE 8TH
Richmond Tigers batting - Pitching for Hawthorn Hawks : RHP Jose Gomez
Batting: RHB Micah Plumtree 0-0: Foul Ball, location: 2RF
0-1: Ball
1-1: Ball
2-1: Foul Ball, location: 3F
2-2: Ball
3-2: Fly out, F7 (Line Drive, 7, EV 96.3 MPH)
Batting: LHB Andy Weisner 0-0: Ball
1-0: Ball
2-0: Swinging Strike
2-1: Ball
3-1: Fly out, F6 (Popup, 6, EV 59.4 MPH)
Batting: RHB Matt Huntley 0-0: Ball
1-0: Foul Ball, location: 7LMF
1-1: DOUBLE (Line Drive, 89XD, EV 98.1 MPH)
Pitching: RHP Chet Rowde
Batting: RHB Arnie Studs 0-0: Foul Ball, location: 25F
0-1: Ball
1-1: Ground out 6-3 (Groundball, 56, EV 86.9 MPH)
Bottom of the 8th over - 0 runs, 1 hit, 0 errors, 1 left on base; Hawthorn 3 - Richmond 0
TOP OF THE 9TH
Hawthorn Hawks batting - Pitching for Richmond Tigers : RHP Storm Kinsey
Pitching: RHP Duecha Jenebi
Batting: LHB Nicky McNally 0-0: SINGLE (Line Drive, 3D, EV 96.3 MPH)
Batting: RHB Ed Glynn 0-0: Ball
1-0: Ball
2-0: Called Strike
2-1: Foul Ball, location: 9LSF
2-2: Ball
3-2: Strikes out swinging
Batting: RHB Pat Ayshford 0-0: Foul Ball, location: 2F
0-1: Ball
1-1: Fielders Choice at 2nd, 6-4 (Groundball, 6, EV 110.6 MPH)
Batting: LHB Fred Pascoe 0-0: Called Strike
Pat Ayshford steals 2nd base
0-1: Ball
1-1: Ground out 4-3 (Groundball, 4M, EV 102.5 MPH)
Top of the 9th over - 0 runs, 1 hit, 0 errors, 1 left on base; Hawthorn 3 - Richmond 0
BOTTOM OF THE 9TH
Richmond Tigers batting - Pitching for Hawthorn Hawks : RHP Chet Rowde
Batting: RHB Tristen Deas 0-0: SINGLE (Line Drive, 7LS, EV 102.5 MPH)
Batting: SHB Maverick Doig 0-0: Fly out, F8 (Flyball, 8RXD, EV 104.4 MPH)
Batting: SHB Stefan McCleary 0-0: Called Strike
0-1: SINGLE (Line Drive, 8RS, EV 105.6 MPH)
Tristen Deas to second
Batting: RHB Paul Funnell 0-0: Called Strike
0-1: Grounds into double play, 6-4-3 (Groundball, 6MD, EV 97.5 MPH)
Bottom of the 9th over - 0 runs, 2 hits, 0 errors, 1 left on base; Hawthorn 3 - Richmond 0
Tuesday, April 30th , 2024 - OOTP Baseball 24.9 Build 80